 Dungeon Crawl Stone Soup version 0.27-a0-1188-g73eefd5def (webtiles) character file.

Game seed: 16320407131226949971

42 kae the Chopper (level 3, -4/33 HPs)
             Began as a Hill Orc Fighter on May 20, 2021.
             Slain by Terence
             ... wielding a +0 flail
              (10 damage)
             ... on level 2 of the Dungeon.
             The game lasted 00:00:44 (1478 turns).

kae the Chopper (Hill Orc Fighter)                  Turns: 1478, Time: 00:00:44

Health: -4/33      AC:  7    Str: 19    XL:     3   Next: 56%
Magic:  3/3        EV:  7    Int:  8    God:
Gold:   73         SH:  9    Dex: 10    Spells: 2/2 levels left

rFire    . . .     SeeInvis .   a - +0 war axe
rCold    . . .     Faith    .   c - +0 kite shield
rNeg     . . .     Spirit   .   b - +1 scale mail
rPois    .         Reflect  .   (no helmet)
rElec    .         Harm     .   (no cloak)
rCorr    .         Rampage  .   (no gloves)
Will     .....                  (no boots)
Stlth    ..........             (no amulet)
HPRegen  0.11/turn              (no ring)
MPRegen  0.08/turn              (no ring)

@: no status effects
A: no striking features
a: no special abilities


You were on level 2 of the Dungeon.
You visited 1 branch of the dungeon, and saw 2 of its levels.

You collected 73 gold pieces.

Inventory:

Hand Weapons
 a - a +0 war axe (weapon)
Armour
 b - a +1 scale mail (worn)
 c - a +0 kite shield (worn)
Potions
 d - a potion of might
 e - a potion of haste
 h - a potion of magic


   Skills:
 + Level 4.2 Fighting
 * Level 4.5 Axes
 - Level 3.2 Armour
 - Level 3.2 Shields


You had 2 spell levels left.
You didn't know any spells.
Your spell library contained the following spells:

 Spells                   Type           Power      Damage    Failure   Level
 Animate Skeleton         Necr           0%         N/A       99%         1
 Pain                     Necr           0%         1d4       99%         1
 Vampiric Draining        Necr           0%         2d6       100%        3
 Animate Dead             Necr           0%         N/A       100%        4
 Agony                    Necr           0%         N/A       100%        5


Dungeon Overview and Level Annotations

Branches:
Dungeon (2/15)

Altars:
Dithmenos

Annotations:
D:2 Terence


Message History

There are monsters nearby!
The goblin shouts!
You block Terence's attack.
You slash Terence!
Terence is heavily wounded.
Terence hits you with a +0 flail. x2
There are monsters nearby!
You hit Terence but do no damage.
Terence is moderately wounded.
Terence hits you but does no damage.
You hit Terence.
Terence is heavily wounded.
You block Terence's attack. Terence hits you with a +0 flail.
The endoplasm hits you but does no damage.
You hit Terence but do no damage.
Terence is heavily wounded.
You completely miss the goblin. You hit the endoplasm.
You kill the endoplasm!
The goblin barely misses you. You block Terence's attack.
The goblin hits you but does no damage.
You hit Terence but do no damage.
Terence is heavily wounded.
You slash the goblin!
You kill the goblin!
Terence hits you with a +0 flail! You block Terence's attack.
Terence hits you but does no damage.
You hit Terence but do no damage.
Terence is heavily wounded.
Terence hits you with a +0 flail. You block Terence's attack.
You hit Terence.
Terence is heavily wounded.
Terence hits you with a +0 flail!
* * * LOW HITPOINT WARNING * * *
You hit Terence but do no damage.
Terence is heavily wounded.
You block Terence's attack.
You closely miss Terence.
Terence is heavily wounded.
You block Terence's attack. Terence hits you with a +0 flail!
You die...

#........... #.#.#
#........... #.#.#
#........... #########.#.#
#........... #.......#.#.#
#........... #.........#.#
#........... #.........#.#
###..)..#+#.
#.........#.#.###.........
#...........#..@@.._......
#.......#########.........
#.#...÷...[...............
##.#.##.########.........|.
...#.#.......# #.......####
####.#..####.# #.......# #
#.#.)# #.# #.......# #
#.#.÷####.# #.......# ##
#.#.....#.# #.......#


You could see Terence.

Vanquished Creatures
  An adder (D:2)
  A dart slug (D:1)
  3 ball pythons (D:1)
  3 endoplasms
  5 goblins
  4 hobgoblins (D:1)
  2 kobolds (D:1)
  4 quokkas (D:1)
  A bat (D:2)
  2 frilled lizards
26 creatures vanquished.

Notes
Turn   | Place    | Note
-------+----------+-------------------------------------------
     0 | D:1      | kae the Hill Orc Fighter began the quest for the Orb.
     0 | D:1      | Reached XP level 1. HP: 19/19 MP: 1/1
   233 | D:1      | Reached XP level 2. HP: 22/27 MP: 2/2
   867 | D:1      | Reached XP level 3. HP: 33/33 MP: 3/3
  1297 | D:2      | Found a faded altar of an unknown god.
  1455 | D:2      | Found a shadowy altar of Dithmenos.
  1461 | D:2      | Noticed Terence
  1478 | D:2      | Slain by Terence

Illustrated notes

Levels and vault maps discovered:
D:1:      dpeg_arrival_ternary, layout_loops_ring, minmay_misc_feat_columns
D:2:      layout_basic, basic_altar, hellmonk_ecumenical_altar_crossroads,
          kennysheep_generic_room_3, uniq_terence

Skill      XL: |  1  2 |
---------------+-------+-----
Axes           | 3 4 |  4.5
Fighting       | 4 |  4.2
Armour         | |  3.2
Shields        | |  3.2

Action                   || total
-------------------------++-------
Melee: War axe           ||   102
  Use: Scroll            ||     5
Armor: Scale mail        ||    46
Dodge: Dodged            ||    30
Block: Kite shield       ||    58

Table legend: (Time is in decaauts)
 A = Elapsed time spent in this place.
 B = Non-inter-level travel time spent in this place.
 C = Inter-level travel time spent in this place.
 D = Time resting spent in this place.
 E = Time spent auto-exploring this place.
 F = Levels seen in this place.
 G = Mean time per level.
                   A        B        C        D        E       F      G
               +--------+--------+--------+--------+--------+-----+--------+
         Total |   1532 |   1519 |     13 |     72 |   1192 |   2 |  766.0 |
       Dungeon |   1532 |   1519 |     13 |     72 |   1192 |   2 |  766.0 |
               +--------+--------+--------+--------+--------+-----+--------+

Top non-repeatable levels by time:
     D:1: 1184 daAuts
     D:2: 348 daAuts
